 Dungeon Sprint DCSS version 0.27-a0-819-g058290f16d (webtiles) character file.

Game seed: 12480881210655127625

563056 mhtbhm the Minotaur Barricade (level 22, -5/229 (233) HPs)
             Began as a Minotaur Fighter on Mar 29, 2021.
             Was the Champion of Trog.
             Killed by an exploding ball lightning (14 damage)
             ... in the Dungeon (Sprint IX: "|||||||||||||||||||||||||||||").
             The game lasted 00:34:37 (16810 turns).

mhtbhm the Minotaur Barricade (Minotaur Fighter)   Turns: 16810, Time: 00:34:38

HP:   -5/229 (233)  AC: 43    Str: 37    XL:     22   Next: 30%
MP:   2/31          EV: 19    Int:  7    God:    Trog [******]
Gold: 201           SH: 37    Dex: 13    Spells: 21/21 levels left

rFire    + + .     SeeInvis +   I - +9 eudemon blade (holy)
rCold    + + .     Faith    .   c - +3 tower shield {rC+}
rNeg     . . .     Spirit   .   b - +8 gold dragon scales
rPois    +         Reflect  +   N - +0 hat
rElec    .         Harm     .   s - +0 cloak
rCorr    .         Rampage  .   m - +1 pair of gloves
Will     ++++.     Clarity  +   F - +1 pair of boots Stlth ++........NoTele +
                                V - amulet of the Oligarchy {Reflect +Fly rF+ Int+2 SH+5}
HPRegen  1.48/turn              K - +6 ring of strength
MPRegen  0.22/turn              T - ring of Limitation {Will+ Str+3 SInv}

@: berserk cooldown, flying, regenerating, slowed, lightly drained, very slow
A: horns 2, retaliatory headbutt, clarity, low mp 1, inability to read while
threatened
}: 9/17 runes: decaying, serpentine, barnacled, slimy, elven, silver, golden,
abyssal, gossamer
a: Renounce Religion, Berserk, Trog's Hand, Brothers in Arms


You were in the Dungeon.
You worshipped Trog.
Trog was exalted by your worship.
You visited 1 branch You collected 1959 gold pieces.
You spent 1758 gold pieces at shops.

Inventory:

Hand Weapons
 a - the +7 demon blade of Slow Death {flame, rF+ Int+6}
   (Trog gifted it to you in the Dungeon)

   It has been specially enchanted to burn those struck by it, causing extra
   injury to most foes and up to half again as much damage against particularly
   susceptible opponents.
   Big, fiery blades are also staple armaments of hydra-hunters.
   It affects your intelligence (+6).
   It protects you from fire.
 r - a +7 demon blade of draining
 u - the +12 triple sword of Inquiry {vorpal, rElec rPois}
   (Trog gifted it to you in the Dungeon)

   It inflicts extra damage upon your enemies.
   It insulates you from electricity.
   It protects you from poison.
 v - the +5 demon whip "Spellbinder" {antimagic, Will+}
   (Trog gifted it to you in the Dungeon)

   It reduces the magical energy of the wielder, and disrupts the spells and
   magical abilities of those hit.
   Natural abilities and divine invocations are not affected.
   It increases your willpower.
 I - a +9 eudemon blade of holy wrath (weapon)
 L - the +8 demon blade "Leech" {vamp, *Rage +Rage rN+}
   (Trog gifted it to you in the Dungeon)

   It inflicts no extra harm, but heals its wielder when it wounds a living foe.
   It protects you from negative energy.
   It lets you go berserk.
   It may make you go berserk in combat.
Missiles
 q - 5 curare-tipped darts (quivered)
 D - 18 poisoned darts
Armour
 b - +8 gold dragon scales (worn)
 c - a +3 tower shield of cold resistance (worn)
 m - a +1 pair of gloves (worn)
 s - a +0 cloak (worn)
 F - a +1 pair of boots (worn)
 N - a +0 hat (worn)
Jewellery
 l - a +4 ring of evasion
 w - a ring of protection from cold
 E - a ring of see invisible
 J - a +4 ring of protection
 K - a +6 ring of strength (left hand)
 R - the amulet of Demons {Reflect rPois Dex+4 SH+5}
   (You found it in the Dungeon)

   [amulet of reflection]

   It reflects blocked missile attacks.
   It affects your dexterity (+4).
   It protects you from poison.
   It affects your SH (+5).
 T - the ring of Limitation (right hand) {Will+ Str+3 SInv}
   (You found it in the Dungeon)

   [ring of willpower]

   It affects your strength (+3).
   It lets you see invisible.
   It increases your willpower.
 V - the amulet of the Oligarchy (around neck) {Reflect +Fly rF+ Int+2 SH+5}
   (You found it in the Dungeon)

   [amulet of reflection]

   It reflects blocked missile attacks.
   It affects your intelligence (+2).
   It protects you from fire.
   It grants you flight.
   It affects your SH (+5).
Wands
 k - a wand of random effects (24)
 O - a wand of charming (4)
Scrolls
 j - 5 scrolls of blinking
 p - 2 scrolls of fear
 x - 2 scrolls of immolation
 z - a scroll of silence
 S - a scroll of fog
Potions
 d - 5 potions of might
 g - 9 potions of haste
 h - 9 potions of magic
 i - 4 potions of berserk rage
 t - 4 potions of attraction
 B - 3 potions of flight {unknown}
 C - a potion of cancellation
 G - 3 potions of resistance
 H - a potion of mutation
Miscellaneous
 e - the horn of Geryon (inert)
 P - a condenser vane (inert)
 Q - a phial of floods


   Skills:
 O Level 27 Fighting
 - Level 5.5(18.0) Short Blades
 O Level 27 Long Blades
 - Level 6.0(16.9) Axes
 + Level 22.9(23.3) Maces & Flails
 - Level 6.1(8.3) Polearms
 - Level 6.1(16.9) Staves
 + Level 21.3(27) Slings
 + Level 21.3 Bows
 + Level 21.4 Crossbows
 O Level 27 Throwing
 O Level 27 Armour
 O Level 27 Dodging
 O Level 27 Stealth
 O Level 27 Shields
 - Level 5.7 Unarmed Combat
 + Level 19.9 Invocations
 O Level 27 Evocations


You had 21 spell levels left.
You didn't know any spells.
Your spell library was empty.

Dungeon Overview and Level Annotations

Branches:
Dungeon (1/1)

Altars:
Cheibriados
Dithmenos
Elyvilon
Fedhas
Gozag
Hepliaklqana
Kikubaaqudgha
Makhleb
Nemelex Xobeh
Okawaru
Qazlal
Ru
Sif Muna
Trog
Uskayaw
Vehumet
Wu Jian
Xom
Yredelemnul
Zin
The Shining One
Beogh
Jiyva
Lugonu

Shops:
D *(!*

Annotations:
D Antaeus, Lom Lobon, Mnoleg


Innate Abilities, Weirdness & Mutations

You have a pair of horns on your head.
You reflexively headbutt those who attack you in melee.
You possess an exceptional clarity of mind.
Your magical capacity is low. (-10% MP)
You sometimes lose the ability to read scrolls when taking damage.


Message History

The silver javelin closely misses the large abomination.
The ball lightning explodes!
The blast of lightning engulfs the golden eye!
The golden eye dies!
The blast of lightning engulfs Lom Lobon.
Lom Lobon completely resists.
You block Lom Lobon's attack.
You block Mnoleg's attack. x2; Mnoleg gores you but does no damage.
Mnoleg kicks you but does no damage.
Lom Lobon gestures.
Mnoleg gestures. 2 ball lightnings come into view.
Unknown command.
Throw: throwing net
Press: ? - help, Q - select action, (/) - cycle Shift-Dir - straight line, f/p - Mnoleg
Aim: Mnoleg (almost dead, 49% to hit)
You throw a throwing net. The throwing net hits Mnoleg.
Mnoleg is caught in the net!
Mnoleg is almost dead.
The ball lightning explodes!
The blast of lightning engulfs the ball lightning.
The ball lightning completely resists.
The blast of lightning engulfs Lom Lobon.
Lom Lobon completely resists.
The blast of lightning engulfs you!
* * * LOW HITPOINT WARNING * * *
You block Lom Lobon's attack.
Mnoleg gestures.
Mnoleg struggles against the net.
Unknown command.
Unknown command.
Unknown command.
Unknown command.
Okay, then.
You slash Lom Lobon!
Flame seeps out of Lom Lobon.
Lom Lobon convulses.
Flame seeps out of Lom Lobon.
Your headbutt misses Lom Lobon.
Lom Lobon is moderately wounded.
Lom Lobon is engulfed in blazing flames.
Flame seeps out of Lom Lobon.
You block Lom Lobon's attack.
The ball lightning explodes!
The blast of lightning engulfs Lom Lobon.
Lom Lobon completely resists.
The blast of lightning engulfs you!
You die...

▓▓▓▓▓▓▓▓▓▓▓▓▓▓▓▓▓▓▓▓▓▓▓▓▓▓▓▓▓▓▓▓▓
φ&.&§§C..........................
▓▓▓▓▓▓▓▓▓▓▓▓▓▓▓▓▓▓▓▓▓▓▓▓▓▓▓▓▓▓▓▓▓
...........(...&@&XX...(.........
▓▓▓▓▓▓▓▓▓▓▓▓▓▓▓▓▓▓▓▓▓▓▓▓▓▓▓▓▓▓▓▓▓
')........').....)..)).........')
▓▓▓▓▓▓▓▓▓▓▓▓▓▓▓▓▓▓▓▓▓▓▓▓▓▓▓▓▓▓▓▓▓
.................................
▓▓▓▓▓▓▓▓▓▓▓▓▓▓▓▓▓▓▓▓▓▓▓♣♣♣♣♣♣♣♣♣♣
)......))...))).))))))))..)......
▓▓▓▓▓▓▓▓▓▓▓▓▓▓▓▓▓▓▓▓▓▓▓♣♣♣♣♣♣♣♣♣♣
.................................


You could see Lom Lobon (fast, inner flame, gusty, resistant), Mnoleg (caught)
and 2 large abominations.

Vanquished Creatures
  the Royal Jelly (D)
  Asmodeus (D)
  5 orbs of fire (D)
  Mara (D)
  6 ancient liches (D)
  Mennas (D)
  8 royal mummies (D)
  Sojobo (D)
  Boris (D)
  Frederick (D)
  Margery (D)
  2 Killer Klowns (D)
  Xtahua (D)
  Geryon (D)
  A curse toe (D)
  2 golden dragons (D)
  Nikola (D)
  Jory (D)
  3 tentacled monstrosities (D)
  2 electric golems (D)
  A Hell Sentinel (D)
  Rupert (D)
  3 liches (D)
  A deep elf master archer (D)
  26 Orb Guardians (D)
  2 deep elf blademasters (D)
  12 acid blobs (D)
  2 quicksilver dragons (D)
  Frances (D)
  Kirke (D)
  3 death cobs (D)
  12 sphinxes (D)
  9 shadow dragons (D)
  4 storm dragons (D)
  3 tengu reavers (D)
  A draconian monk (D)
  5 nagarajas (D)
  4 azure jellies (D)
  Donald (D)
  A fenstrider witch (D)
  4 rockslimes (D)
  A draconian knight (D)
  3 frost giants (D)
  2 vault wardens (D)
  5 draconian scorchers (D)
  An emperor scorpion (D)
  2 draconian shifters (D)
  A spriggan defender (D)
  2 ironbound preservers (D)
  2 quicksilver oozes (D)
  3 draconian stormcallers (D)
  8 stone giants (D)
  3 green draconians (D)
  4 very ugly things (D)
  Nessos (D)
  3 black draconians (D)
  5 deep elf demonologists (D)
  8 vampire knights (D)
  3 deep elf annihilators (D)
  A lorocyproca (D)
  A bunyip (D)
  4 yellow draconians (D)
  4 purple draconians (D)
  A red draconian (D)
  A spark wasp (D)
  A spark wasp (shapeshifter) (D)
  3 white draconians (D)
  2 eleionomae (D)
  3 mummy priests (D)
  2 ettins (D)
  A merfolk javelineer (D)
  Josephine (D)
  3 deep elf death magi (D)
  3 merfolk impalers (D)
  3 yaktaur captains (D)
  5 fire dragons (D)
  4 ice dragons (D)
  A rakshasa (D)
  25 vault guards (D)
  2 deep elf high priests (D)
  2 ironbound thunderhulks (D)
  4 hydras (D)
  2 centaur warriors (D)
  A naga warrior (D)
  A great orb of eyes (D)
  2 ironbound frosthearts (D)
  4 ogre magi (D)
  2 merfolk avatars (D)
  An alligator snapping turtle (D)
  2 merfolk aquamancers (D)
  A two-headed ogre (D)
  2 deep troll shamans (D)
  3 tengu warriors (D)
  An orc high priest (D)
  5 hell knights (D)
  Sonja (D)
  Nergalle (D)
  A skeletal warrior (D)
  A goliath frog (D)
  A naga ritualist (D)
  An iron troll (D)
  A spriggan druid (D)
  3 deep trolls (D)
  2 swamp dragons (D)
  A flayed ghost (D)
  A glowing orange brain (D)
  2 phantasmal warriors (D)
  5 ironbound convokers (D)
  A deep elf pyromancer (D)
  A necromancer (D)
  4 lindwurms (D)
  An orb spider (D)
  A shining eye (shapeshifter) (D)
  An ugly thing (D)
  2 manticores (D)
  4 wolf spiders (D)
  A salamander (D)
  6 moths of wrath (D)
  A merfolk siren (D)
  3 guardian serpents (D)
  2 vault sentinels (D)
  A black mamba (D)
  2 naga magi (D)
  A water nymph (D)
  7 cane toads (D)
  Psyche (D)
  An efreet (D)
  A komodo dragon (D)
  An ancient zyme (D)
  A tengu conjurer (D)
  2 demonic crawlers (D)
  A wandering mushroom (D)
  17 guardian mummies (D)
  4 trolls (D)
  4 merfolk (D)
  3 jumping spiders (D)
  2 tyrant leeches (D)
  3 hornets (D)
  A snapping turtle (D)
  4 redbacks (D)
  14 spriggans (D)
  A tarantella (D)
  3 small abominations (D)
  Eustachio (D)
  A fire bat (D)
  5 yaks (D)
  A wyvern (D)
  A hog (D)
  5 wraiths (D)
  4 nagas (D)
  A water moccasin (D)
  13 orc warriors (D)
  An ice beast (D)
  2 floating eyes (D)
  A swamp drake (D)
  A wolf (D)
  A centaur (D)
  A kobold brigand (D)
  4 bullfrogs (D)
  A wight (D)
  A jelly (D)
  A hound (D)
  An iguana (D)
  3 orc wizards (D)
  2 worms (D)
  A dart slug (D)
  9 orcs (D)
  An endoplasm (D)
  A hobgoblin (D)
  A ball python zombie (D)
  2 bats (D)
  A rat (D)
  8 ball lightnings (D)
499 creatures vanquished.

Vanquished Creatures (collateral kills)
  Dispater (D)
  Ilsuiw (D)
  A draconian shifter (D)
  A stone giant (D)
  A deep elf annihilator (D)
  A bunyip (D)
  A merfolk javelineer (D)
  2 naga warriors (D)
  A rakshasa (D)
  2 merfolk aquamancers (D)
  A centaur warrior (D)
  An ironbound convoker (D)
  An orc knight (D)
  An ugly thing (D)
16 creatures vanquished.

Vanquished Creatures (others)
  A vampire knight (D)
  A slime creature (D)
  3 humans (D)
  21 ball lightnings (D)
  A block of ice (D)
27 creatures vanquished.

Grand Total: 542 creatures vanquished

Notes
Turn   | Place    | Note
-------+----------+-------------------------------------------
     0 | D        | mhtbhm the Minotaur Fighter began the quest for the Orb.
     0 | D        | Reached XP level 1. HP: 19/19 MP: 0/0
   199 | D        | Noticed an ice beast
   199 | D        | Noticed an iguana
   199 | D        | Noticed a hound
   199 | D        | Noticed a jelly
   201 | D        | Killed a jelly
   202 | D        | Reached skill level 5 in Fighting
   202 | D        | Reached skill level 5 in Armour
   202 | D        | Reached skill level 5 in Shields
   202 | D        | Reached XP level 2. HP: 23/29 MP: 1/1
   202 | D        | Reached XP level 3. HP: 29/36 MP: 2/2
   208 | D        | Reached XP level 4. HP: 36/44 MP: 3/3
   225 | D        | Killed an ice beast
   226 | D        | Reached XP level 5. HP: 36/53 MP: 4/4
   232 | D        | Found a snail-covered altar of Cheibriados.
   232 | D        | Found a shadowy altar of Dithmenos.
   232 | D        | Found a white marble altar of Elyvilon.
   232 | D        | Found a blossoming altar of Fedhas.
   232 | D        | Found an opulent altar of Gozag.
   233 | D        | Found a hazy altar of Hepliaklqana.
   234 | D        | Found a viscous altar of Jiyva.
   235 | D        | Found an ancient bone altar of Kikubaaqudgha.
   236 | D        | Found a corrupted altar of Lugonu.
   237 | D        | Found a burning altar of Makhleb.
   238 | D        | Found a sparkling altar of Nemelex Xobeh.
   239 | D        | Found an iron altar of Okawaru.
   240 | D        | Found a stormy altar of Qazlal.
   241 | D        | Found a sacrificial altar of Ru.
   242 | D        | Found a shimmering blue altar of Sif Muna.
   243 | D        | Found a bloodstained altar of Trog.
   244 | D        | Found a hide-covered altar of Uskayaw.
   245 | D        | Found a radiant altar of Vehumet.
   246 | D        | Found an ornate altar of the Wu Jian Council.
   249 | D        | Found a shimmering altar of Xom.
   250 | D        | Found a basalt altar of Yredelemnul.
   251 | D        | Found a glowing silver altar of Zin.
   252 | D        | Found a glowing golden altar of the Shining One.
   253 | D        | Became a worshipper of Trog the Wrathful
   359 | D        | Noticed an orc warrior
   359 | D        | Noticed a yak
   359 | D        | Noticed a yak
   371 | D        | Killed a yak
   372 | D        | Reached skill level 1 in Dodging
   372 | D        | Reached XP level 6. HP: 56/63 MP: 5/5
   379 | D        | Killed a yak
   379 | D        | Reached * piety under Trog
   380 | D        | Reached skill level 10 in Shields
   380 | D        | Reached XP level 7. HP: 47/70 MP: 6/6
   386 | D        | Reached skill level 10 in Armour
   389 | D        | Reached ** piety under Trog
   584 | D        | Noticed a two-headed ogre
   584 | D        | Noticed a centaur warrior
   584 | D        | Noticed a slime creature
   584 | D        | Noticed a deep elf pyromancer
   584 | D        | Noticed a skeletal warrior
   601 | D        | Killed a skeletal warrior
   602 | D        | Reached skill level 10 in Fighting
   602 | D        | Reached XP level 8. HP: 53/81 MP: 7/7
   625 | D        | Killed a slime creature
   635 | D        | Killed a centaur warrior
   636 | D        | Reached skill level 1 in Stealth
   636 | D        | Reached XP level 9. HP: 21/90 MP: 8/8
   638 | D        | Killed a two-headed ogre
   638 | D        | Reached *** piety under Trog
   639 | D        | Killed a deep elf pyromancer
  1065 | D        | Noticed a cane toad
  1065 | D        | Noticed a cane toad
  1065 | D        | Noticed a cane toad
  1067 | D        | Killed a cane toad
  1075 | D        | Killed a cane toad
  1075 | D        | Reached **** piety under Trog
  1079 | D        | Noticed a cane toad
  1084 | D        | Killed a cane toad
  1085 | D        | Reached XP level 10. HP: 39/101 MP: 9/9
  1094 | D        | Reached skill level 15 in Long Blades
  1099 | D        | Killed a cane toad
  1099 | D        | Reached ***** piety under Trog
  1352 | D        | Noticed a cane toad
  1352 | D        | Noticed a cane toad
  1357 | D        | Killed a cane toad
  1359 | D        | Killed a cane toad
  1359 | D        | Noticed a cane toad
  1381 | D        | Killed a cane toad
  1381 | D        | Identified the +8 mace of the Original Sin {vorpal, Dex+4}
                  | (Trog gifted it to you in the Dungeon)
  1381 | D        | Received a gift from Trog
  1417 | D        | Noticed a lindwurm
  1417 | D        | Noticed a lindwurm
  1417 | D        | Noticed a lindwurm
  1423 | D        | Killed a lindwurm
  1423 | D        | Reached ****** piety under Trog
  1424 | D        | Noticed a lindwurm
  1431 | D        | Killed a lindwurm
  1432 | D        | Reached skill level 15 in Fighting
  1432 | D        | Reached skill level 15 in Shields
  1439 | D        | Killed a lindwurm
  1440 | D        | Reached XP level 11. HP: 80/112 MP: 10/10
  1819 | D        | Received a gift from Trog
  1839 | D        | Killed a lindwurm
  2219 | D        | Noticed Psyche
  2224 | D        | Killed Psyche
  2252 | D        | Noticed Josephine
  2266 | D        | Killed Josephine
  2266 | D        | Received a gift from Trog
  2267 | D        | Reached skill level 15 in Armour
  2376 | D        | Noticed Eustachio
  2388 | D        | Killed Eustachio
  2425 | D        | Noticed an orc high priest
  2432 | D        | Killed an orc high priest
  2433 | D        | Identified the +12 triple sword of Inquiry {vorpal, rElec
                  | rPois} (Trog gifted it to you in the Dungeon)
  2433 | D        | Received a gift from Trog
  2453 | D        | Received a gift from Trog
  2513 | D        | Received a gift from Trog
  2572 | D        | Found Tuaggivi's General Store.
  2572 | D        | Noticed a deep troll
  2572 | D        | Noticed a deep troll
  2572 | D        | Noticed an ogre mage
  2572 | D        | Noticed a stone giant
  2572 | D        | Noticed a deep troll
  2584 | D        | Killed a stone giant
  2585 | D        | Reached skill level 5 in Dodging
  2591 | D        | Killed a deep troll
  2600 | D        | Killed an ogre mage
  2603 | D        | Killed a deep troll
  2603 | D        | Received a gift from Trog
  2604 | D        | Found Ymegrukh's Distillery.
  2605 | D        | Noticed an ogre mage
  2610 | D        | Killed a deep troll
  2614 | D        | Reached XP level 12. HP: 67/125 MP: 11/11
  2618 | D        | Found Urolyq's Antique Weapon Boutique.
  2622 | D        | Killed an ogre mage
  2931 | D        | Found Nacsus's Assorted Antiques.
  2935 | D        | Noticed an ogre mage
  2936 | D        | Noticed an ogre mage
  2947 | D        | Received a gift from Trog
  2957 | D        | Killed an ogre mage
  2963 | D        | Killed an ogre mage
  3257 | D        | Bought a potion of might for 40 gold pieces
  3257 | D        | Bought a potion of curing for 30 gold pieces
  3257 | D        | Bought a potion of heal wounds for 50 gold pieces
  3257 | D        | Bought 2 potions of heal wounds for 100 gold pieces
  3259 | D        | Bought a scroll of acquirement for 572 gold pieces
  3271 | D        | Bought a scroll of identify for 22 gold pieces
  3271 | D        | Bought a potion of haste for 110 gold pieces
  3271 | D        | Bought a scroll of blinking for 82 gold pieces
  3271 | D        | Bought a scroll of immolation for 38 gold pieces
  3277 | D        | Bought a scroll labelled PEAVOA DEL LEP for 28 gold pieces
  3277 | D        | Bought a potion of heal wounds for 140 gold pieces
  3277 | D        | Bought a scroll labelled YCZOSTAEST for 28 gold pieces
  3277 | D        | Bought a dented lapis lazuli amulet for 140 gold pieces
  3277 | D        | Bought a cyan potion for 25 gold pieces
  3279 | D        | Bought a scroll of immolation for 98 gold pieces
  3285 | D        | Bought a potion of curing for 33 gold pieces
  3285 | D        | Bought a potion of berserk rage for 55 gold pieces
  3285 | D        | Bought a potion of cancellation for 88 gold pieces
  3285 | D        | Bought 18 poisoned darts for 79 gold pieces
  3298 | D        | Acquired a manual of Armour
  3354 | D        | Noticed Sonja
  3365 | D        | Killed Sonja
  3365 | D        | Received a gift from Trog
  3508 | D        | Noticed a tengu warrior
  3508 | D        | Noticed a centaur warrior
  3508 | D        | Noticed a rakshasa
  3518 | D        | Killed a rakshasa
  3522 | D        | Noticed a rakshasa
  3524 | D        | Killed a centaur warrior
  3525 | D        | Noticed a frost giant
  3533 | D        | Noticed a stone giant
  3536 | D        | Noticed a stone giant
  3537 | D        | Killed a tengu warrior
  3542 | D        | Noticed a stone giant
  3546 | D        | Upgraded the game from 0.27-a0-808-g60bc5d92e6 to
                  | 0.27-a0-819-g058290f16d
  3549 | D        | Killed a frost giant
  3549 | D        | Received a gift from Trog
  3550 | D        | Killed a rakshasa
  3555 | D        | Killed a stone giant
  3556 | D        | Reached skill level 1 in Evocations
  3558 | D        | Killed a stone giant
  3565 | D        | Noticed a frost giant
  3565 | D        | Identified the +7 quarterstaff "Undertaker" {flame, rC+
                  | Will+ Str+2} (Trog gifted it to you in the Dungeon)
  3565 | D        | Received a gift from Trog
  3568 | D        | Killed a stone giant
  3696 | D        | Killed a frost giant
  3697 | D        | Reached XP level 13. HP: 104/139 MP: 12/12
  4038 | D        | Noticed a lich
  4050 | D        | Killed a lich
  4151 | D        | Noticed Donald
  4164 | D        | Killed Donald
  4164 | D        | Received a gift from Trog
  4363 | D        | Noticed Frances
  4381 | D        | Killed Frances
  4609 | D        | Noticed Rupert
  4625 | D        | Killed Rupert
  4726 | D        | Noticed a bunyip
  4726 | D        | Noticed an eleionoma
  4726 | D        | Noticed a bunyip
  4726 | D        | Noticed a fenstrider witch
  4737 | D        | Noticed an eleionoma
  4738 | D        | Killed an eleionoma
  4745 | D        | Killed an eleionoma
  4749 | D        | Killed a fenstrider witch
  4749 | D        | Received a gift from Trog
  4753 | D        | Killed a bunyip
  4759 | D        | Killed a bunyip
  4771 | D        | Noticed an emperor scorpion
  4790 | D        | Received a gift from Trog
  4837 | D        | Killed an emperor scorpion
  4908 | D        | Noticed a stone giant
  4908 | D        | Noticed a fire dragon
  4908 | D        | Noticed a fire dragon
  4917 | D        | Killed a fire dragon
  4917 | D        | Paralysed by a great orb of eyes for 7 turns
  4926 | D        | Noticed a fire dragon
  4930 | D        | Noticed a vampire knight
  4939 | D        | Killed a stone giant
  4940 | D        | Reached XP level 14. HP: 135/152 MP: 13/13
  4987 | D        | Received a gift from Trog
  5004 | D        | Paralysed by a vampire knight for 3 turns
  5016 | D        | HP: 2/152 [fire dragon/blast of flame (37)]
  5016 | D        | Killed a vampire knight
  5024 | D        | Reached skill level 1 in Throwing
  5032 | D        | Noticed Kirke
  5048 | D        | Killed Kirke
  5048 | D        | Received a gift from Trog
  5175 | D        | Received a gift from Trog
  5455 | D        | Received a gift from Trog
  5467 | D        | Noticed a nagaraja
  5473 | D        | Reached skill level 5 in Evocations
  5486 | D        | Killed a nagaraja
  5487 | D        | Reached skill level 1 in Unarmed Combat
  5492 | D        | Identified the +2 falchion of Ywiezoup {flame, Dex+3} (Trog
                  | gifted it to you in the Dungeon)
  5492 | D        | Received a gift from Trog
  5720 | D        | Noticed a white very ugly thing
  5731 | D        | Killed a white very ugly thing
  5768 | D        | Noticed a stone giant
  5774 | D        | Noticed a stone giant
  5782 | D        | Killed a stone giant
  5782 | D        | Received a gift from Trog
  5795 | D        | Killed a stone giant
  6066 | D        | Received a gift from Trog
  6075 | D        | Noticed an ironbound preserver
  6078 | D        | Received a gift from Trog
  6496 | D        | Killed an ironbound preserver
  6534 | D        | Received a gift from Trog
  6542 | D        | Noticed an ironbound preserver
  6554 | D        | Killed an ironbound preserver
  6567 | D        | Noticed a vault warden
  6577 | D        | Killed a vault warden
  6577 | D        | Received a gift from Trog
  6597 | D        | Noticed a vault warden
  6617 | D        | Killed a vault warden
  6618 | D        | Reached XP level 15. HP: 70/166 MP: 14/14
  7050 | D        | Noticed Jory
  7067 | D        | Killed Jory
  7067 | D        | Received a gift from Trog
  7248 | D        | Noticed Margery
  7269 | D        | Killed Margery
  7276 | D        | Received a gift from Trog
  7748 | D        | Received a gift from Trog
  8025 | D        | Noticed Nessos
  8038 | D        | Noticed Nikola
  8039 | D        | Killed Nessos
  8062 | D        | Killed Nikola
  8304 | D        | Noticed Ilsuiw
  8312 | D        | Received a gift from Trog
  8352 | D        | Killed Ilsuiw
  8352 | D        | Identified the +5 long sword of Wiaweten {antimagic, rN+
                  | Will+ Str+4 Int-4} (Trog gifted it to you in the Dungeon)
  8352 | D        | Received a gift from Trog
  8361 | D        | HP: 6/171 [merfolk impaler/+1 demon trident of
                  | electrocution (20)]
  8385 | D        | Identified the +7 demon blade of Slow Death {flame, rF+
                  | Int+6} (Trog gifted it to you in the Dungeon)
  8385 | D        | Received a gift from Trog
  8422 | D        | Got a barnacled rune of Zot
  8599 | D        | Noticed a nagaraja
  8599 | D        | Noticed a nagaraja
  8600 | D        | Noticed a nagaraja
  8604 | D        | Killed a nagaraja
  8609 | D        | Noticed a nagaraja
  8613 | D        | Killed a nagaraja
  8613 | D        | Received a gift from Trog
  8618 | D        | Killed a nagaraja
  8619 | D        | Reached skill level 10 in Dodging
  8621 | D        | Killed a nagaraja
  8622 | D        | Reached skill level 27 in Shields
  8626 | D        | Received a gift from Trog
  8644 | D        | Received a gift from Trog
  8998 | D        | Got a serpentine rune of Zot
  9023 | D        | Received a gift from Trog
  9036 | D        | Got a gossamer rune of Zot
  9078 | D        | Reached XP level 16. HP: 182/182 MP: 15/15
  9081 | D        | Reached skill level 27 in Fighting
  9088 | D        | Identified the +2 scimitar "Moap" {vorpal, Int+6 Dex+4
                  | Stlth-} (Trog gifted it to you in the Dungeon)
  9088 | D        | Received a gift from Trog
  9098 | D        | Got a decaying rune of Zot
  9159 | D        | Noticed Frederick
  9174 | D        | Killed Frederick
  9200 | D        | Noticed a tengu reaver
  9200 | D        | Noticed Sojobo
  9201 | D        | Noticed a tengu reaver
  9212 | D        | Killed a tengu reaver
  9228 | D        | Killed Sojobo
  9228 | D        | Received a gift from Trog
  9229 | D        | Reached skill level 27 in Long Blades
  9235 | D        | Killed a tengu reaver
  9457 | D        | Noticed Boris
  9458 | D        | Noticed Xtahua
  9469 | D        | Killed Boris
  9477 | D        | Killed Xtahua
  9478 | D        | Reached skill level 5 in Stealth
  9638 | D        | Reached skill level 27 in Armour
  9638 | D        | Reached skill level 15 in Dodging
  9640 | D        | Identified the +5 double sword of Moderation {vorpal,
                  | *Corrode rN+ Stlth+} (Trog gifted it to you in the Dungeon)
  9640 | D        | Received a gift from Trog
  9692 | D        | Received a gift from Trog
  9728 | D        | Received a gift from Trog
  9816 | D        | Noticed a tengu reaver
  9829 | D        | Killed a tengu reaver
  9829 | D        | Received a gift from Trog
  9838 | D        | Received a gift from Trog
  9839 | D        | Reached XP level 17. HP: 164/191 MP: 16/16
  9858 | D        | Received a gift from Trog
  9868 | D        | Identified Notimn's Collected Works on Transformation and
                  | Creation
 10195 | D        | Noticed a golden dragon
 10196 | D        | Identified the +7 falchion "Dragonbane" {flame, *Rage
                  | *Drain +Inv rElec}
 10197 | D        | Noticed an ancient lich
 10206 | D        | Noticed a quicksilver dragon
 10209 | D        | Killed a golden dragon
 10209 | D        | Received a gift from Trog
 10220 | D        | Killed an ancient lich
 10225 | D        | Reached skill level 27 in Dodging
 10225 | D        | Identified the +7 great mace "Fygousuduh" {vorpal, Will+}
 10229 | D        | Reached skill level 5 in Throwing
 10239 | D        | Received a gift from Trog
 10245 | D        | Identified the +0 scale mail "Jeclyp" {Rampage +Inv Int+3}
 10248 | D        | Killed a quicksilver dragon
 10249 | D        | Reached skill level 10 in Stealth
 10251 | D        | Got a silver rune of Zot
 10613 | D        | Noticed Mara
 10622 | D        | Noticed mhtbhm's illusion
 10671 | D        | Killed Mara
 10996 | D        | Got the amulet of Demons {Reflect rPois Dex+4 SH+5}
 10998 | D        | Got the amulet "Wune" {Spirit rC+ Will+}
 11000 | D        | Got the ring of Limitation {Will+ Str+3 SInv}
 11002 | D        | Got the amulet "Icatuagh" {+Fly Regen+}
 11004 | D        | Got the amulet of the Oligarchy {Reflect +Fly rF+ Int+2
                  | SH+5}
 11133 | D        | Identified the +2 tower shield of Gusatz {rC+ rCorr Str-4
                  | Dex+6}
 11133 | D        | Noticed Mennas
 11157 | D        | Killed Mennas
 11205 | D        | Noticed Nergalle
 11212 | D        | Killed Nergalle
 11264 | D        | Received a gift from Trog
 11273 | D        | Reached skill level 10 in Throwing
 11278 | D        | Reached skill level 15 in Stealth
 11297 | D        | Received a gift from Trog
 11385 | D        | Reached XP level 18. HP: 160/200 MP: 17/17
 11386 | D        | Received a gift from Trog
 11387 | D        | Found the +8 demon blade "Leech" {vamp, *Rage +Rage rN+}
 11639 | D        | Received a gift from Trog
 11640 | D        | Reached skill level 15 in Throwing
 11658 | D        | Received a gift from Trog
 11760 | D        | Received a gift from Trog
 11761 | D        | Reached skill level 10 in Evocations
 11761 | D        | Noticed a tentacled monstrosity
 11775 | D        | Killed a tentacled monstrosity
 11933 | D        | Received a gift from Trog
 11944 | D        | Received a gift from Trog
 12150 | D        | Noticed an Orb Guardian
 12150 | D        | Noticed an Orb Guardian
 12150 | D        | Noticed an Orb Guardian
 12150 | D        | Noticed an Orb Guardian
 12150 | D        | Noticed an Orb Guardian
 12150 | D        | Noticed an Orb Guardian
 12156 | D        | Killed an Orb Guardian
 12158 | D        | Noticed an Orb Guardian
 12159 | D        | Killed an Orb Guardian
 12159 | D        | Identified the +11 morningstar of Currency {vorpal, Will+
                  | SInv} (Trog gifted it to you in the Dungeon)
 12159 | D        | Received a gift from Trog
 12161 | D        | Killed an Orb Guardian
 12167 | D        | Killed an Orb Guardian
 12171 | D        | Killed an Orb Guardian
 12178 | D        | Killed an Orb Guardian
 12184 | D        | Killed an Orb Guardian
 12187 | D        | Noticed an Orb Guardian
 12188 | D        | Noticed an Orb Guardian
 12189 | D        | Noticed an Orb Guardian
 12194 | D        | Killed an Orb Guardian
 12194 | D        | Received a gift from Trog
 12203 | D        | Killed an Orb Guardian
 12207 | D        | Killed an Orb Guardian
 12275 | D        | Noticed an Orb Guardian
 12275 | D        | Noticed an Orb Guardian
 12275 | D        | Noticed a tentacled monstrosity
 12277 | D        | Noticed an Orb Guardian
 12278 | D        | Reached XP level 19. HP: 207/207 MP: 18/18
 12286 | D        | Received a gift from Trog
 12330 | D        | Noticed an ancient lich
 12340 | D        | Killed an ancient lich
 12341 | D        | Reached skill level 27 in Throwing
 12343 | D        | Noticed an orb of fire
 12347 | D        | Gained mutation: Your body sometimes deteriorates upon
                  | taking damage. [an orb of fire]
 12351 | D        | Killed an orb of fire
 12357 | D        | Lost mutation: Your body sometimes deteriorates upon taking
                  | damage. [potion of mutation]
 12357 | D        | Gained mutation: Your spells are a little harder to cast,
                  | but a little more powerful. [potion of mutation]
 12357 | D        | Gained mutation: Your body sometimes deteriorates upon
                  | taking damage. [potion of mutation]
 12357 | D        | Gained mutation: You have large cloven feet. [potion of
                  | mutation]
 12358 | D        | Lost mutation: Your spells are a little harder to cast, but
                  | a little more powerful. [potion of mutation]
 12358 | D        | Lost mutation: Your body sometimes deteriorates upon taking
                  | damage. [potion of mutation]
 12358 | D        | Lost mutation: You have large cloven feet. [potion of
                  | mutation]
 12358 | D        | Gained mutation: You are clumsy. (Dex -2) [potion of
                  | mutation]
 12358 | D        | Gained mutation: Your spells are a little harder to cast,
                  | but a little more powerful. [potion of mutation]
 12388 | D        | Lost mutation: You are clumsy. (Dex -2) [potion of
                  | mutation]
 12388 | D        | Lost mutation: Your spells are a little harder to cast, but
                  | a little more powerful. [potion of mutation]
 12388 | D        | Gained mutation: Your magical capacity is low. (-10% MP)
                  | [potion of mutation]
 12388 | D        | Gained mutation: You possess an exceptional clarity of
                  | mind. [potion of mutation]
 12389 | D        | Noticed an electric golem
 12402 | D        | Killed an electric golem
 12402 | D        | Received a gift from Trog
 12516 | D        | Noticed a Killer Klown
 12516 | D        | Noticed a golden dragon
 12516 | D        | Noticed an orb of fire
 12516 | D        | Noticed an ancient lich
 12516 | D        | Noticed an orb of fire
 12516 | D        | Gained mutation: You sometimes lose the ability to read
                  | scrolls when taking damage. [an orb of fire]
 12523 | D        | Noticed an orb of fire
 12527 | D        | Killed an orb of fire
 12532 | D        | Killed an ancient lich
 12542 | D        | Killed an orb of fire
 12543 | D        | Noticed an ancient lich
 12548 | D        | Noticed an electric golem
 12552 | D        | Killed an orb of fire
 12552 | D        | Received a gift from Trog
 12555 | D        | Killed a golden dragon
 12556 | D        | Reached skill level 27 in Stealth
 12556 | D        | Killed a Killer Klown
 12561 | D        | Killed an ancient lich
 12563 | D        | Killed an electric golem
 12563 | D        | Received a gift from Trog
 12588 | D        | Noticed an orb of fire
 12589 | D        | Noticed a Killer Klown
 12589 | D        | Noticed a curse toe
 12599 | D        | Killed an orb of fire
 12600 | D        | Reached XP level 20. HP: 46/216 MP: 17/17
 12606 | D        | Killed a Killer Klown
 12610 | D        | Killed a curse toe
 13013 | D        | Received a gift from Trog
 13038 | D        | Received a gift from Trog
 13168 | D        | Noticed an ancient lich
 13175 | D        | Received a gift from Trog
 13183 | D        | Killed an ancient lich
 13184 | D        | Reached skill level 27 in Evocations
 13186 | D        | Noticed an ancient lich
 13194 | D        | Received a gift from Trog
 13197 | D        | Killed an ancient lich
 13198 | D        | Reached skill level 5 in Axes
 13198 | D        | Reached skill level 5 in Maces & Flails
 13198 | D        | Reached skill level 5 in Polearms
 13198 | D        | Reached skill level 5 in Staves
 13198 | D        | Reached skill level 5 in Bows
 13198 | D        | Reached skill level 5 in Unarmed Combat
 13201 | D        | Reached skill level 5 in Short Blades
 13201 | D        | Reached skill level 5 in Slings
 13201 | D        | Reached skill level 5 in Crossbows
 13203 | D        | Received a gift from Trog
 13204 | D        | Reached skill level 5 in Invocations
 13239 | D        | Received a gift from Trog
 13240 | D        | Found the +5 demon whip "Spellbinder" {antimagic, Will+}
 13271 | D        | Received a gift from Trog
 13282 | D        | Received a gift from Trog
 13294 | D        | Received a gift from Trog
 13295 | D        | Reached skill level 10 in Maces & Flails
 13318 | D        | Got an elven rune of Zot
 13628 | D        | Received a gift from Trog
 13629 | D        | Reached skill level 10 in Slings
 13629 | D        | Reached skill level 10 in Bows
 13629 | D        | Reached skill level 10 in Crossbows
 13630 | D        | Reached skill level 10 in Invocations
 13630 | D        | Reached XP level 21. HP: 206/224 MP: 24/24
 13634 | D        | Received a gift from Trog
 13673 | D        | Noticed the Royal Jelly
 13685 | D        | Killed the Royal Jelly
 13734 | D        | Received a gift from Trog
 13735 | D        | Reached skill level 15 in Maces & Flails
 14111 | D        | Got a slimy rune of Zot
 14225 | D        | Received a gift from Trog
 14227 | D        | Reached skill level 15 in Slings
 14227 | D        | Reached skill level 15 in Bows
 14227 | D        | Reached skill level 15 in Crossbows
 14228 | D        | Received a gift from Trog
 14230 | D        | Received a gift from Trog
 14237 | D        | Reached skill level 15 in Invocations
 14240 | D        | Identified the +12 long sword "Ucaruph" {vorpal, Dex+3}
                  | (Trog gifted it to you in the Dungeon)
 14240 | D        | Received a gift from Trog
 14327 | D        | Received a gift from Trog
 14847 | D        | Noticed a royal mummy
 14851 | D        | Received a gift from Trog
 14855 | D        | Killed a royal mummy
 15145 | D        | Noticed a royal mummy
 15145 | D        | Noticed a royal mummy
 15145 | D        | Noticed a royal mummy
 15145 | D        | Noticed a royal mummy
 15145 | D        | Noticed a royal mummy
 15149 | D        | Killed a royal mummy
 15149 | D        | Received a gift from Trog
 15152 | D        | Noticed a royal mummy
 15153 | D        | HP: 11/224 [royal mummy/divine providence (12)]
 15159 | D        | Killed a royal mummy
 15168 | D        | Killed a royal mummy
 15168 | D        | HP: 14/336 [??? (12)]
 15173 | D        | Killed a royal mummy
 15173 | D        | Identified the +4 long sword "Koamy" {antimagic, rPois
                  | Dex+2} (Trog gifted it to you in the Dungeon)
 15173 | D        | Received a gift from Trog
 15177 | D        | Killed a royal mummy
 15184 | D        | HP: 9/224 [??? (6)]
 15185 | D        | Killed a royal mummy
 15403 | D        | Noticed a royal mummy
 15408 | D        | Killed a royal mummy
 15408 | D        | Received a gift from Trog
 15409 | D        | Reached XP level 22. HP: 147/233 MP: 30/30
 15542 | D        | Got a golden rune of Zot
 15588 | D        | Received a gift from Trog
 15683 | D        | Got an abyssal rune of Zot
 15842 | D        | Noticed Geryon
 15851 | D        | Killed Geryon
 15981 | D        | Found the +4 staff of Dispater
 15981 | D        | Noticed Dispater
 15981 | D        | Found the +7 sceptre of Asmodeus
 15981 | D        | Noticed Asmodeus
 15984 | D        | Noticed Antaeus
 15989 | D        | Noticed Lom Lobon
 15997 | D        | Killed Asmodeus
 15998 | D        | Killed Dispater
 15999 | D        | Noticed Mnoleg
 16786 | D        | Paralysed by a floating eye for 4 turns
 16793 | D        | Paralysed by a floating eye for 2 turns
 16795 | D        | HP: 8/229 [Lom Lobon (17)]
 16809 | D        | HP: 8/229 [spore (13)]
 16810 | D        | Killed by an exploding ball lightning

Illustrated notes

Levels and vault maps discovered:
D:        linesprint [early_d, line_temple, items_1, d_10, items_2, lair_1,
          lair_end, items_3, orc_1, orc_end, items_4, d_15, swamp_1, shoals_1,
          snake_1, spider_1, d_20, vaults_1, items_5, swamp_end, shoals_end,
          snake_end, spider_end, vaults_end, d_27, items_6, zot_1, zot_end,
          crypt_end, forest_end, elf_end, slime_end, tomb_end, abyss_end,
          pan_hell_end]

Skill      XL: |  1  2  3  4  5  6  7  8  9 10 11 12 13 14 15 16 17 18 19 20 21 22 |
---------------+-------------------------------------------------------------------+-----
Fighting       | 5 6 7 9 10 11 13 15 17 19 21 23 26 27 | 27.0
Armour         | 5 6 7 9 11 12 13 14 16 20 22 23 24 27 | 27.0
Shields        | 5 6 8 9 10 11 12 13 15 17 19 21 24 27 | 27.0
Long Blades    | 3 4 6 8 9 11 13 14 16 18 19 20 22 25 27 | 27.0
Dodging        | 1 2 3 4 5 6 7 8 10 22 27 | 27.0
Stealth        | 1 2 3 4 7 17 21 27 | 27.0
Evocations     | 1 3 5 9 11 21 27 | 27.0
Throwing       | 1 11 25 27 | 27.0
Unarmed Combat | 1 5 |  5.7
Short Blades   | 5 |  5.5
Axes           | 6 |  6.0
Maces & Flails | 11 21 22 | 22.9
Polearms       | 6 |  6.1
Staves         | 6 |  6.1
Slings         | 10 19 21 | 21.3
Bows           | 10 19 21 | 21.3
Crossbows      | 10 19 21 | 21.4
Invocations    | 10 18 19 | 19.9

Action                   |  1- 3 |  4- 6 |  7- 9 | 10-12 | 13-15 | 16-18 | 19-21 | 22-24 || total
-------------------------+-------+-------+-------+-------+-------+-------+-------+-------++-------
Melee: Long sword        |    18 |    17 |       |       |       |       |       |       ||    35
       Headbutt          |     3 |     5 |    18 |   103 |   157 |   167 |    95 |    11 ||   559
       Scimitar          |       |    19 |    70 |   330 |   378 |       |       |       ||   797
       Unarmed           |       |       |       |       |     2 |       |       |       ||     2
       Demon blade       |       |       |       |       |   170 |   563 |   214 |       ||   947
       Eudemon blade     |       |       |       |       |       |       |    98 |    45 ||   143
Throw: Dart              |       |       |       |       |     3 |     1 |       |       ||     4
       Javelin           |       |       |       |       |       |    18 |    65 |    32 ||   115
       Throwing net      |       |       |       |       |       |       |       |     1 ||     1
Invok: Berserk           |       |       |     1 |     5 |    17 |    11 |     7 |     2 ||    43
       Trog's Hand       |       |       |     1 |       |     1 |     1 |     1 |     3 ||     7
       Brothers in Arms  |       |       |       |     1 |     6 |     3 |     1 |     1 ||    12
Evoke: Wand              |       |       |       |     3 |    14 |       |       |       ||    17
       Condenser vane    |       |       |       |       |       |     1 |     3 |     2 ||     6
       Horn of Geryon    |       |       |       |       |       |       |       |     1 ||     1
  Use: Potion            |       |     1 |     9 |     4 |     7 |       |     9 |     3 ||    33
       Scroll            |       |       |       |     5 |     1 |    14 |    13 |       ||    33
 Stab: Invisible         |       |       |     2 |       |       |       |       |       ||     2
       Distracted        |       |       |       |       |       |     1 |       |       ||     1
       Sleeping          |       |       |       |       |       |       |       |     1 ||     1
Armor: Scale mail        |     7 |     5 |       |       |       |       |       |       ||    12
       Chain mail        |       |     3 |    29 |    19 |   171 |    15 |       |       ||   237
       Plate armour      |       |       |     2 |    78 |       |       |       |       ||    80
       Fire dragon scale |       |       |       |       |       |    44 |       |       ||    44
       Gold dragon scale |       |       |       |       |       |    45 |    35 |    46 ||   126
Dodge: Dodged            |     9 |     8 |    19 |    54 |   116 |   111 |    37 |    12 ||   366
Block: Kite shield       |     6 |    16 |    43 |   148 |   343 |   169 |       |       ||   725
       Tower shield      |       |       |       |       |       |   212 |   220 |    72 ||   504
       Reflection        |       |       |       |       |       |     1 |     4 |     2 ||     7
       Rpst.: Long sword |     4 |       |       |       |       |       |       |       ||     4
       Scimitar          |       |     1 |     5 |    10 |    16 |       |       |       ||    32
       Demon blade       |       |       |       |       |     8 |    22 |     3 |       ||    33
       Eudemon blade     |       |       |       |       |       |       |     2 |     1 ||     3

Table legend: (Time is in decaauts) A = Elapsed time spent in this place. B = Non-inter-level travel time spent in this place. C = Inter-level travel time spent in this place. D = Time resting spent in this place. E = Time spent auto-exploring this place. F = Levels seen in this place. G = Mean time per level. A B C D E F G +--------+--------+--------+--------+--------+-----+--------+ Total | 16547 | 16233 | 314 | 9534 | 2537 | 1 | 16547.0 | Dungeon | 16547 | 16233 | 314 | 9534 | 2537 | 1 | 16547.0 | +--------+--------+--------+--------+--------+-----+--------+

Top non-repeatable levels by time:
       D: 16547 daAuts
